 Dungeon Crawl Stone Soup version 0.31.0-11-ge490571c62 (webtiles) character file.

Game seed: 17100765047971464517

190 qw the Shooter (level 5, 0/27 HPs)
             Began as a Spriggan Hunter on Feb 3, 2024.
             Was an Initiate of Okawaru.
             Killed from afar by Dowan (11 damage)
             ... with a puff of flame
             ... on level 3 of the Dungeon.
             The game lasted 00:00:13 (2102 turns).

qw the Shooter (Spriggan Hunter)                    Turns: 2102, Time: 00:00:14

Health: 0/27       AC:  2    Str:  7    XL:     5   Next: 41%
Magic:  6/6        EV: 20    Int: 11    God:    Okawaru [......]
Gold:   115        SH:  5    Dex: 20    Spells: 4/4 levels left

rFire   . . .        a - +1 shortbow
rCold   . . .        (shield currently unavailable)
rNeg    . . .        c - +0 robe
rPois   .            (helmet restricted)
rElec   .            (no cloak)
rCorr   .            (gloves unavailable)
SInv    +            (boots unavailable)
Will    .....        b - amulet of reflection
Stlth   ++           (no ring)
HPRegen 0.24/turn    (no ring)
MPRegen 0.10/turn

%: reflection
@: very quick
A: very small, no large weapons, unfitting armour, see invisible, speed 3
a: Renounce Religion


You were on level 3 of the Dungeon.
You worshipped Okawaru.
Okawaru was noncommittal.
You visited 1 branch of the dungeon, and saw 4 of its levels.

You collected 115 gold pieces.


Innate Abilities, Weirdness & Mutations

You are very small and have problems with some larger weapons.
You are too small for most types of armour.
You have supernaturally acute eyesight. (SInv)
You cover ground extremely quickly. (Speed+++)


   Skills:
 - Level 2.6 Fighting
 + Level 5.2 Ranged Weapons
 - Level 5.1 Dodging
 - Level 1.5 Stealth


You had 4 spell levels left.
You didn't know any spells.
Your spell library was empty.

Inventory:

Hand Weapons
 a - a +1 shortbow (weapon)
Armour
 c - a +0 robe (worn)
Jewellery
 b - an amulet of reflection (around neck)
Scrolls
 e - a scroll of teleportation
Potions
 g - a potion of resistance {unknown}
 h - a potion of haste {unknown}
 i - a potion of enlightenment

Dungeon Overview and Level Annotations

Branches:
Dungeon (4/15)
 Temple: D:4-7

Altars:
Cheibriados
Makhleb
Okawaru
Ru
Sif Muna
Uskayaw
Vehumet
Xom
The Shining One

Shops:
D:2 *

Annotations:
D:3 1 runed translucent door, Dowan; Duvessa; qw's ghost, amateur DEHu
D:4 Robin


Message History

Duvessa completely misses you. The goblin misses you.
The goblin closely misses you. The hobgoblin closely misses you.
Duvessa hits you with a +0 short sword!
There is a stone staircase leading up here.
You shoot an arrow. The arrow hits Duvessa.
Duvessa is lightly wounded.
The goblin closely misses you. The hobgoblin hits you. The goblin misses you.
Duvessa closely misses you. The goblin closely misses you. x2
The hobgoblin misses you.
Dowan mumbles some strange words.
Dowan blinks!
2098 ||| STAIRDANCE Duvessa barely misses you.
Robin roars a battlecry!
The goblins go into a battle-frenzy!
The goblin closely misses you. x2; The hobgoblin barely misses you.
Dowan barely misses you.
You climb upwards.
Level annotation: 1 runed translucent door, qw's ghost, amateur DEHu
There is a stone staircase leading down, spattered with blood here.
You shoot an arrow.
The arrow hits Duvessa but does no damage.
Duvessa is lightly wounded.
Duvessa barely misses you. The hobgoblin closely misses you.
The goblin hits you with a +0 club. Dowan hits you with a +0 dagger.
The goblin closely misses you.
You shoot an arrow. The arrow hits Duvessa.
Duvessa is lightly wounded.
You block Duvessa's attack. The hobgoblin closely misses you.
Dowan points at you and mumbles some strange words.
The puff of flame misses you.
The puff of flame hits the goblin!
The goblin dies!
The goblin misses you.
You shoot an arrow.
The arrow hits Duvessa but does no damage.
Duvessa is lightly wounded.
Duvessa misses you. You block the hobgoblin's attack. The goblin misses you.
Dowan casts a spell at you. The puff of flame hits you!
You die...

#.# #.# #.##########
#..........# #.#####.####
##### ######.# #.#
#...####......# #.#
#......#.####)## #.#
#......#.####@g####.##
#......#.##.gee......#
#......#.##...###.#.###
#.........#.########..########
###.......#.+WFSS(~##.........
#.......#.####### ##........
#......#....##### #........
###...%)........# #........
#####.##..........# #........


You could see Duvessa, Dowan, a bullfrog, qw's ghost, a hobgoblin (strong) and a
goblin (strong).

Vanquished Creatures
  A scorpion (D:3)
  4 adders
  2 ribbon worms (D:2)
  2 dart slugs
  3 orcs (D:3)
  5 bats
  10 endoplasms
  2 giant cockroaches
  10 goblins
  14 hobgoblins
  4 kobolds
  5 quokkas
  2 ball pythons (D:2)
  6 frilled lizards
  6 rats
76 creatures vanquished.

Vanquished Creatures (others)
  A goblin (D:3)
1 creature vanquished.

Grand Total: 77 creatures vanquished

Notes
Turn   | Place    | Note
-------+----------+-------------------------------------------
     0 | D:1      | qw the Spriggan Hunter began the quest for the Orb.
     0 | D:1      | Reached XP level 1. HP: 10/10 MP: 2/2
     0 | D:1      | 0 ||| qw: Version: 0.3-a-158-g18b3111
     0 | D:1      | 0 ||| qw: Game counter: 4120
     0 | D:1      | 0 ||| qw: Melee chars always use a shield: true
     0 | D:1      | 0 ||| qw: God list: Okawaru
     0 | D:1      | 0 ||| qw: Allow faded altars: false
     0 | D:1      | 0 ||| qw: Do Orc after clearing Dungeon:15 true
     0 | D:1      | 0 ||| qw: Do second Lair branch before Depths: true
     0 | D:1      | 0 ||| qw: Lair rune preference: random
     0 | D:1      | 0 ||| qw: Goals: Normal
     0 | D:1      | 0 ||| PLANNING D:1-11
    89 | D:1      | Reached skill level 3 in Dodging
   113 | D:1      | Reached XP level 2. HP: 14/14 MP: 3/3
   235 | D:1      | Found a faded altar of an unknown god.
   337 | D:1      | Reached XP level 3. HP: 8/18 MP: 4/4
   604 | D:1      | 604 ||| READING scroll labelled UXZUJO ZEIRAT.
   604 | D:1      | 604 ||| IDENTIFYING silvery potion
   605 | D:1      | 605 ||| READING scroll labelled XIPNEPY LI XIS.
   608 | D:1      | 608 ||| READING scroll labelled OLE ARPHIURYTSU.
   608 | D:1      | 608 ||| ENCHANTING +0 shortbow.
   609 | D:1      | 609 ||| DROPPING scroll of butterflies.
   610 | D:1      | 610 ||| DROPPING potion of attraction.
   698 | D:2      | Found Reirphoph's General Store.
   706 | D:2      | 706 ||| SHOPLISTING +0 robe "Hairiqau" {rElec rC+ MP+9}
                  | (568 gold, have 57).
   706 | D:2      | 706 ||| SHOPLISTING +2 robe of resistance (527 gold, have
                  | 57).
   706 | D:2      | 706 ||| SHOPLISTING wand of iceblast (7) (235 gold, have
                  | 57).
   969 | D:2      | Reached XP level 4. HP: 22/22 MP: 5/5
  1255 | D:2      | 1255 ||| UPGRADING to amulet of reflection.
  1260 | D:2      | 1260 ||| READING scroll of identify.
  1260 | D:2      | 1260 ||| IDENTIFYING blue potion
  1261 | D:2      | 1261 ||| READING 2 scrolls labelled USUZ MUPAU.
  1262 | D:2      | 1262 ||| READING scroll labelled XEFIAJ DIYSHRO.
  1263 | D:2      | 1263 ||| DRINKING 2 amethyst potions.
  1264 | D:2      | 1264 ||| DROPPING scroll of fear.
  1322 | D:3      | Found a shimmering altar of Xom.
  1323 | D:3      | Found a radiant altar of Vehumet.
  1327 | D:3      | Found a sacrificial altar of Ru.
  1327 | D:3      | Found a burning altar of Makhleb.
  1329 | D:3      | Found a snail-covered altar of Cheibriados.
  1329 | D:3      | Found a shimmering blue altar of Sif Muna.
  1332 | D:3      | Found a hide-covered altar of Uskayaw.
  1566 | D:3      | Noticed a scorpion
  1574 | D:3      | Killed a scorpion
  1575 | D:3      | Reached XP level 5. HP: 27/27 MP: 6/6
  1619 | D:3      | Found a runed translucent door.
  1731 | D:3      | Found a glowing golden altar of the Shining One.
  1762 | D:3      | Found an iron altar of Okawaru.
  1763 | D:3      | 1763 ||| PLANNING OKAWARU WORSHIP
  1763 | D:3      | 1763 ||| READING scroll labelled UWKALUNEYW.
  1763 | D:3      | 1763 ||| ENCHANTING +0 shortbow.
  1764 | D:3      | 1764 ||| READING scroll labelled FYTTUI WOLO.
  1865 | D:3      | 1865 ||| READING 2 scrolls labelled VUSHEISAIL.
  1866 | D:3      | 1866 ||| DROPPING scroll of immolation.
  1871 | D:3      | Became a worshipper of Warmaster Okawaru
  1872 | D:3      | 1872 ||| PLANNING D:1-11
  1989 | D:3      | Noticed qw's ghost (amateur DEHu)
  1994 | D:4      | Noticed Duvessa
  1994 | D:4      | Noticed Dowan
  1995 | D:4      | Noticed Robin
  1997 | D:4      | 1997 ||| STAIRDANCE
  2007 | D:4      | 2007 ||| STAIRDANCE
  2011 | D:3      | HP: 4/27 [hobgoblin[Robin] (5)]
  2012 | D:3      | 2012 ||| READING 2 scrolls of teleportation.
  2013 | D:3      | 2013 ||| DRINKING potion of heal wounds.
  2089 | D:4      | 2089 ||| STAIRDANCE
  2098 | D:4      | 2098 ||| STAIRDANCE
  2102 | D:3      | Killed from afar by Dowan

Levels and vault maps discovered:
D:1:      psy_arrival_fountain, layout_basic,
          shapermc_ecumenical_altar_mp_ritualfount, minmay_tall_x
D:2:      layout_basic, serial_shops, shop, minmay_pentomino_pile
D:3:      layout_basic, grunt_temple_overflow_open,
          mainiacjoe_overflow_two_lobes, ebering_ghost_sewer_d
D:4:      layout_gridville, lemuel_crystal_altar, uniq_duvessa, uniq_robin

Skill      XL: |  1  2  3  4 |
---------------+-------------+-----
Dodging        | 3 4 5 |  5.1
Ranged Weapons | 5 |  5.2
Fighting       | 2 |  2.6
Stealth        | |  1.5

Action                     |  1- 3 |  4- 6 || total
---------------------------+-------+-------++-------
   Fire: Shortbow          |   126 |    80 ||   206
    Use: Scroll            |     3 |     7 ||    10
         Potion            |       |     2 ||     2
 Armour: Robe              |     9 |    19 ||    28
  Dodge: Dodged            |    31 |    80 ||   111
  Block: Other             |       |    11 ||    11

Table legend:
 A = Non-vault XP
 B = Vault XP
 C = Vault XP percentage of total XP
 D = Non-vault monster count
 E = Vault monster count
 F = Vault count percentage of total count
                 A         B        C        D         E       F
            +---------+---------+-------+---------+---------+-------
      Total |     237 |      35 |  12.9 |      61 |      15 |  19.7
            +---------+---------+-------+---------+---------+-------
        D:1 |      45 |       5 |  10.0 |      23 |       4 |  14.8
        D:2 |      39 |      17 |  30.4 |      20 |       4 |  16.7
        D:3 |     153 |      13 |   7.8 |      18 |       7 |  28.0
            +---------+---------+-------+---------+---------+-------
